Map: [TLMC19] Sacred Isle

Players

DKZDark (Dark)

  • Race: Zerg Zerg
  • League: Master
  • Spawn Location: 3:00

ByuN - Winner!

  • Race: Terran Terran
  • Spawn Location: 7:00

VOD

Have the link to the VOD?

Description

Time

  • Played on: Dec. 22, 2023, 9:13 a.m.
  • Length: 10:51
Show
View Real Time Build Order
Export as new Build Order

DKZDark Zerg 

Build Orders: Hatch First 

Get SALT Encoding   

  12  0:00  Drone  
  13  0:12  Overlord  
  13  0:19  Drone  
  14  0:31  Drone x2  
  16  0:50  Hatchery  
  16  0:53  Drone  
  16  0:56  Drone  
  17  0:59  Drone  
  18  1:12  Extractor  
  18  1:14  Spawning Pool  
  18  1:17  Drone  
  17  1:20  Drone  
  18  1:31  Drone  
  19  1:46  Drone  
  20  1:57  Drone  
  21  2:01  Queen  
  21  2:02  Zergling x2, Queen  
  21  2:03  Zergling x2  
  27  2:11  Metabolic Boost  
  27  2:19  Extractor  
  26  2:23  Drone, Overlord  
  26  2:24  Drone  
  29  2:37  Extractor  
  29  2:40  Hatchery  
  29  2:41  Drone  
  29  2:42  Drone  
  31  2:44  Drone  
  31  2:49  Queen  
  33  2:56  Overlord  
  33  2:57  Drone  
  34  2:59  Drone  
  34  3:01  Drone  
  36  3:13  Spore Crawler  
  36  3:16  Drone  
  36  3:17  Drone  
  36  3:19  Drone x2  
  40  3:21  Evolution Chamber  
  40  3:24  Queen  
  40  3:25  Overlord  
  42  3:28  Queen  
  42  3:31  Overlord  
  44  3:43  Drone  
  44  3:44  Drone x2  
  44  3:45  Drone x5  
  52  3:51  Drone x3  
  52  3:55  Queen  
  57  4:05  Overlord  
  57  4:06  Drone  
  57  4:07  Overlord  
  58  4:13  Overlord  
  58  4:17  Overlord  
  58  4:19  Overlord  
  58  4:21  Overlord  
  60  4:24  Drone x3  
  60  4:26  Drone x2  
  60  4:30  Queen  
  67  4:33  Drone  
  67  4:34  Lair  
  67  4:35  Drone x2  
  67  4:36  Extractor  
  67  4:38  Extractor, Drone x2  
  68  4:41  Drone x2  
  69  4:46  Drone  
  69  4:50  Zergling x2  
  71  4:58  Zergling x8  
  75  5:01  Baneling Nest, Zergling x4  
  76  5:10  Zergling x8  
  76  5:13  Zergling x4  
  82  5:17  Zergling x6  
  85  5:22  Evolution Chamber, Hatchery  
  85  5:23  Evolution Chamber  
  85  5:26  Drone x2  
  85  5:28  Drone x3  
  87  5:30  Drone  
  87  5:32  Drone  
  87  5:34  Spore Crawler  
  88  5:35  Spore Crawler  
  88  5:36  Overseer  
  88  5:38  Drone  
  88  5:39  Drone x2  
  88  5:40  Drone x2  
  92  5:47  Drone x2, Hatchery  
  93  5:51  Zerg Melee Weapons Level 1  
  93  5:52  Zerg Ground Armor Level 1  
  93  5:53  Drone x2  
  93  5:54  Drone  
  96  5:57  Centrifugal Hooks  
  96  5:59  Extractor  
  96  6:00  Drone x2  
  96  6:01  Extractor, Drone  
  96  6:02  Drone  
  98  6:06  Drone  
  98  6:08  Drone x3  
  102  6:15  Infestation Pit  
  101  6:21  Overlord  
  101  6:23  Baneling x7  
  101  6:25  Drone x4  
  105  6:30  Overlord  
  105  6:32  Overlord x2  
  105  6:36  Zergling x2  
  105  6:37  Zergling x4  
  108  6:43  Zergling x14  
  108  6:46  Zergling x2  
  108  6:47  Zergling x6  
  118  6:50  Baneling x4  
  118  6:51  Zergling x2  
  120  6:55  Hatchery  
  120  6:59  Burrow  
  119  7:01  Hive  
  117  7:12  Zergling x30  
  127  7:16  Zergling x8  
  127  7:21  Zergling x10  
  136  7:23  Baneling x3  
  136  7:29  Hydralisk Den  
  135  7:30  Zergling x4, Baneling x2  
  137  7:37  Pneumatized Carapace  
  137  7:40  Zergling x16  
  145  7:47  Zerg Melee Weapons Level 2  
  145  7:48  Zerg Ground Armor Level 2  
  140  7:51  Zergling x14  
  140  7:53  Baneling x2  
  140  7:54  Baneling x2  
  146  7:58  Hydralisk  
  146  8:00  Overlord  
  146  8:01  Grooved Spines  
  147  8:08  Overlord  
  144  8:13  Hydralisk  
  144  8:14  Hydralisk x4  
  154  8:21  Drone x6  
  154  8:22  Hydralisk x2  
  154  8:26  Hydralisk  
  166  8:28  Drone x2  
  166  8:29  Drone  
  169  8:35  Zergling x6  
  169  8:36  Overlord  
  169  8:40  Overlord  
  171  8:43  Overlord x2  
  171  8:45  Baneling x3  
  171  8:49  Overlord x3  
  171  8:53  Baneling x3  
  171  8:54  Adrenal Glands  
  171  8:57  Zergling x16  
  162  9:04  Zergling x2  
  162  9:05  Zergling x16  
  162  9:06  Baneling x2  
  162  9:07  Baneling  
  170  9:14  Zergling x20  
  179  9:19  Drone  
  179  9:23  Zergling x10  
  179  9:24  Zergling x6  
  188  9:26  Baneling x3  
  188  9:28  Viper  
  188  9:31  Viper  
  193  9:38  Drone x3  
  193  9:40  Spore Crawler  
  193  9:41  Extractor  
  193  9:44  Drone  
  193  9:45  Drone  
  176  9:55  Zergling x22  
  176  9:56  Zergling x6  
  188  10:02  Zergling x20  
  188  10:06  Baneling x5  
  185  10:26  Zergling x20  
Show
View Real Time Build Order
Export as new Build Order

ByuN Terran - Winner!

Build Orders:  

Get SALT Encoding   

  12  0:00  SCV  
  13  0:12  SCV  
  14  0:16  Supply Depot  
  14  0:24  SCV  
  15  0:38  Barracks  
  15  0:39  SCV  
  16  0:43  Refinery  
  16  0:51  SCV  
  17  1:03  SCV  
  18  1:15  SCV  
  20  1:25  Reaper  
  20  1:27  Orbital Command  
  20  1:39  Command Center  
  20  1:53  SCV  
  20  1:54  Supply Depot  
  21  1:57  Barracks Reactor  
  21  2:05  SCV  
  22  2:17  SCV  
  22  2:20  Command Center  
  23  2:29  SCV  
  24  2:33  Barracks  
  24  2:37  Marine x2  
  24  2:41  SCV  
  27  2:51  Orbital Command  
  27  2:53  SCV  
  27  2:57  Marine, Barracks  
  29  2:59  Marine  
  30  3:05  SCV  
  31  3:18  SCV  
  32  3:23  SCV  
  32  3:24  Marine x2  
  32  3:25  Barracks Tech Lab  
  34  3:30  SCV  
  34  3:31  Orbital Command  
  35  3:35  SCV  
  36  3:42  Marine x2, SCV  
  36  3:44  Marine, Stimpack  
  36  3:45  Barracks Tech Lab  
  36  3:47  SCV  
  41  3:50  Refinery  
  41  3:54  SCV  
  42  3:57  Refinery  
  42  3:59  SCV  
  42  4:00  SCV  
  44  4:04  Marine, Combat Shield  
  44  4:05  Marine x3  
  44  4:06  SCV  
  49  4:13  SCV x2  
  49  4:17  Supply Depot  
  50  4:18  SCV  
  51  4:24  Marine x2  
  51  4:25  Marine x2, SCV  
  51  4:26  SCV  
  51  4:30  SCV, Factory  
  58  4:38  SCV x2  
  60  4:41  Supply Depot  
  60  4:42  SCV  
  60  4:44  Marine x4, Engineering Bay  
  65  4:51  Engineering Bay, SCV x2  
  67  4:54  SCV  
  68  5:03  SCV x2  
  68  5:04  Supply Depot, Refinery  
  68  5:06  SCV  
  71  5:10  Terran Infantry Weapons Level 1  
  71  5:15  SCV x2  
  71  5:19  SCV, Terran Infantry Armor Level 1, Starport  
  71  5:20  Barracks, Factory Reactor  
  74  5:23  Barracks  
  74  5:26  Marine  
  74  5:27  Marine x2, SCV x2  
  74  5:28  Marine  
  80  5:31  SCV  
  81  5:38  Supply Depot  
  81  5:39  Supply Depot, SCV x2  
  81  5:40  Supply Depot  
  83  5:43  SCV  
  83  5:44  Marine  
  83  5:49  Supply Depot  
  85  5:58  Armory  
  85  5:59  Marine x2, SCV x3  
  85  6:01  Supply Depot  
  85  6:02  Marine x2  
  85  6:03  Medivac  
  85  6:04  Medivac, Factory Reactor  
  96  6:07  Barracks Reactor  
  96  6:10  Barracks Reactor  
  96  6:13  Armory  
  96  6:15  Supply Depot  
  96  6:17  Marine  
  98  6:18  SCV x2  
  98  6:22  Marine x3  
  102  6:28  Command Center, SCV  
  102  6:30  SCV  
  102  6:31  Refinery  
  104  6:34  Medivac x2  
  104  6:37  Marine  
  109  6:40  Marine x3, Supply Depot  
  112  6:49  Marine x4  
  112  6:50  Widow Mine  
  112  6:51  Widow Mine  
  120  6:54  Marine  
  120  6:56  Barracks  
  120  6:57  Barracks x2  
  120  6:58  Marine x2  
  123  7:02  Marine  
  123  7:06  Marine  
  123  7:07  Marine x3  
  128  7:12  Marine, Terran Infantry Weapons Level 2  
  128  7:15  Marine, Widow Mine x2  
  130  7:16  Marine, Medivac x2  
  130  7:21  Factory  
  136  7:23  SCV x2  
  136  7:24  SCV  
  139  7:30  Terran Infantry Armor Level 2  
  139  7:36  Supply Depot x2  
  139  7:39  Marine x3  
  142  7:45  Marauder  
  142  7:46  Barracks Reactor, Marauder  
  142  7:47  Barracks Tech Lab, Barracks Reactor  
  142  7:49  SCV x2  
  146  7:56  Widow Mine  
  146  7:57  Widow Mine  
  68  7:58  Medivac x2  
  150  8:00  SCV  
  150  8:01  SCV x2  
  150  8:05  Missile Turret  
  157  8:12  SCV  
  158  8:14  Marauder x2  
  158  8:15  Marine, Factory Tech Lab  
  158  8:16  Marine x6  
  158  8:19  Orbital Command  
  169  8:26  Marine x3  
  172  8:32  Supply Depot x2  
  172  8:33  Supply Depot x2  
  172  8:37  Supply Depot  
  172  8:38  Marine x3  
  175  8:46  Command Center  
  175  8:49  Command Center  
  175  8:50  Concussive Shells  
  175  8:51  Marauder x3  
  175  8:53  Marine x6  
  168  9:05  Marine x4  
  168  9:11  Widow Mine x2  
  168  9:16  Marauder x2  
  168  9:17  Marauder  
  178  9:18  Marine x4  
  178  9:19  Marine x2  
  178  9:23  Marine  
  185  9:24  Marine x2  
  185  9:25  Command Center  
  185  9:26  Widow Mine  
  81  9:31  Medivac x2  
  189  9:32  Widow Mine x2  
  189  9:38  Marauder  
  197  9:56  Marauder x2  
  195  10:03  Widow Mine x2  
  195  10:06  Orbital Command  
  199  10:07  Missile Turret x3  
  199  10:09  Command Center  
  199  10:13  Command Center  
  199  10:25  Marauder x2  
  199  10:26  Marine x6  
  199  10:27  Widow Mine x2  
  186  10:29  Widow Mine  
Tags
 
League
Master
Matchup
TvZ
Player
ByuNDark
Replay Pack
December 2023
Spawn Locations
Cross Positions
Add a new tag
Caveats
  • Supply blocks, unpowered buildings, or Contaminate may cause inaccurate times.
  • Supply counts are checked every 10 seconds.